 Dungeon Crawl Stone Soup version 0.22-a0-422-g9628fc8 (webtiles) character file.

240 Borgoz the Skirmisher (level 6, -1/39 HPs)
             Began as a Gargoyle Fighter on May 21, 2018.
             Slain by Mgcat's ghost (5 damage)
             ... on level 3 of the Dungeon.
             The game lasted 00:02:19 (1874 turns).

Borgoz the Skirmisher (Gargoyle Fighter)            Turns: 1874, Time: 00:02:20

Health: -1/39      AC: 11    Str: 19    XL:     6   Next: 8%
Magic:  6/6        EV: 11    Int:  9    God:
Gold:   104        SH:  0    Dex: 11    Spells: 5/5 levels left

rFire    . . .     SeeInvis .   a - +0 flail
rCold    . . .     Gourm    .   (no shield)
rNeg     + . .     Faith    .   b - +0 scale mail
rPois    ∞         Spirit   .   (no helmet)
rElec    +         Reflect  .   (no cloak)
rCorr    .         Harm     .   (no gloves)
MR       .....                  (no boots)
Stlth    ..........             (no amulet)
HPRegen  0.13/turn              (no ring)
MPRegen  0.10/turn              (no ring)

@: starving
A: negative energy resistance 1, electricity resistance, unbreathing,
petrification resistance, rot immunity, AC +4
a: no special abilities


You were on level 3 of the Dungeon.
You were starving.

You visited 1 branch of the dungeon, and saw 3 of its levels.

You collected 104 gold pieces.

Inventory:

Hand Weapons
 a - a +0 flail (weapon)
 m - a +2 quarterstaff of chaos
Armour
 b - a +0 scale mail (worn)
 c - a +0 shield
Jewellery
 d - a cursed ring of teleportation {unknown}
Scrolls
 g - 2 scrolls of immolation {unknown}
 h - 2 scrolls of identify {unknown}
 i - a scroll of enchant armour {unknown}
 k - a scroll of magic mapping {unknown}
 l - a scroll of remove curse {unknown}
Potions
 e - 3 potions of heal wounds {unknown}
 j - a potion of mutation {unknown}
Comestibles
 f - 4 rations


   Skills:
 + Level 4.3 Fighting
 + Level 3.2 Maces & Flails
 + Level 4.3 Armour
 * Level 2.8 Dodging
 - Level 3.2 Shields


You had 5 spell levels left.
You didn't know any spells.
Your spell library was empty.

Dungeon Overview and Level Annotations

Branches:
Dungeon (3/15)

Altars:

Annotations:
D:3 Mgcat's ghost, amateur DsBe


Innate Abilities, Weirdness & Mutations

You are resistant to torment.
Your stone body is resilient. (AC +4)
You are immune to poison.
You resist negative energy. (rN+)
You are resistant to electric shocks. (rElec)
You can survive without breathing.
You are immune to petrification.
You are immune to rotting.


Message History

Mgcat's ghost hits you but does no damage.
You closely miss Mgcat's ghost.
Mgcat's ghost is severely damaged.
Mgcat's ghost hits you!
* * * LOW HITPOINT WARNING * * *
You hit Mgcat's ghost.
Mgcat's ghost is almost destroyed.
The frilled lizard unfolds its giant frill.
Mgcat's ghost barely misses you.
You hit Mgcat's ghost.
Mgcat's ghost is almost destroyed.
Mgcat's ghost hits you but does no damage.
You hit Mgcat's ghost.
Mgcat's ghost is almost destroyed.
Mgcat's ghost barely misses you. Mgcat's ghost hits you.
* * * LOW HITPOINT WARNING * * *
You miss Mgcat's ghost.
Mgcat's ghost is almost destroyed.
Mgcat's ghost hits you.
You die...

#####
#####......
#lW@..#
#####.#####
#........####
#.####......#
####l.###.#
#.....# #
#!#...# #
#.... .......


You could see Mgcat's ghost and a frilled lizard.

Vanquished Creatures
  Sigmund (D:2)
  Crazy Yiuf (D:2)
  An adder (D:2)
  An ooze (D:2)
  3 dart slugs (D:1)
  2 leopard geckos (D:1)
  A giant cockroach (D:1)
  7 goblins
  5 hobgoblins (D:1)
  3 kobolds (D:1)
  3 ball pythons
  A bat (D:1)
  2 frilled lizards (D:1)
  2 rats (D:2)
33 creatures vanquished.

Notes
Turn   | Place    | Note
-------+----------+-------------------------------------------
     0 | D:1      | Borgoz the Gargoyle Fighter began the quest for the Orb.
     0 | D:1      | Reached XP level 1. HP: 14/14 MP: 1/1
    47 | D:1      | Reached XP level 2. HP: 10/19 MP: 2/2
   255 | D:1      | Reached skill level 1 in Dodging
   347 | D:1      | Reached XP level 3. HP: 16/23 MP: 3/3
   771 | D:1      | You fall through a shaft!
   840 | D:2      | Found a runed door.
  1163 | D:2      | Noticed Sigmund
  1171 | D:2      | Killed Sigmund
  1171 | D:2      | Reached XP level 4. HP: 13/29 MP: 4/4
  1171 | D:2      | Reached XP level 5. HP: 14/33 MP: 5/5
  1771 | D:2      | Noticed Crazy Yiuf
  1775 | D:2      | Killed Crazy Yiuf
  1775 | D:2      | Reached XP level 6. HP: 36/39 MP: 6/6
  1836 | D:3      | Noticed Mgcat's ghost (amateur DsBe)
  1874 | D:3      | Slain by Mgcat's ghost

Vault maps used:
D:1:      saegor_arrival_miasma
D:2:      uniq_sigmund, uniq_crazy_yiuf_cottage
D:3:      grunt_ashenzari_visionary, uniq_terence, uniq_ijyb

Skill      XL: |  1  2  3 |
---------------+----------+-----
Dodging        | 1 2 |  2.8
Fighting       | 4 |  4.3
Maces & Flails | 3 |  3.2
Armour         | 4 |  4.3
Shields        | |  3.2

Action                   |  1- 3 |  4- 6 || total
-------------------------+-------+-------++-------
Melee: Flail             |    92 |    35 ||   127
  Use: Potion            |     1 |       ||     1
  Eat: Chunk             |     1 |       ||     1
Armor: Scale mail        |    62 |    15 ||    77
Dodge: Dodged            |    60 |    21 ||    81

Table legend:
 A = Spawn XP
 B = Non-spawn XP
 C = Spawn XP percentage of total XP
 D = Spawn monster count
 E = Non-spawn monster count
 F = Spawn count percentage of total count
 G = Total turns spent on level
                    A         B        C        D         E        F      G
               +---------+---------+-------+---------+---------+-------+---------
         Total |       0 |     344 |   0.0 |       0 |      33 |   0.0 |  1874
               +---------+---------+-------+---------+---------+-------+---------
           D:1 |       0 |      49 |   0.0 |       0 |      24 |   0.0 |   941
           D:2 |       0 |     293 |   0.0 |       0 |       8 |   0.0 |   888
           D:3 |       0 |       2 |   0.0 |       0 |       1 |   0.0 |    45
               +---------+---------+-------+---------+---------+-------+---------
